 Dungeon Crawl Stone Soup version 0.31-a0-875-g02e7d12df6 (webtiles) character file.

Game seed: 10174300549530747208

121 CowFu the Gusty (level 4, -1/24 HPs)
             Began as a Deep Elf Air Elementalist on Oct 12, 2023.
             Slain by Grinder (5 damage)
             ... on level 3 of the Dungeon.
             The game lasted 00:02:59 (1880 turns).

CowFu the Gusty (Deep Elf Air Elementalist)         Turns: 1880, Time: 00:03:00

Health: -1/24      AC:  2    Str:  5    XL:     4   Next: 77%
Magic:  6/12       EV: 12    Int: 22    God:
Gold:   75         SH:  0    Dex: 15    Spells: 8/11 levels left

rFire   . . .        j - staff of conjuration
rCold   . . .        (no shield)
rNeg    . . .        a - +0 robe
rPois   .            (no helmet)
rElec   .            (no cloak)
rCorr   .            (no gloves)
SInv    .            (no boots)
Will    .....        (no amulet)
Stlth   ++           (no ring)
HPRegen 0.24/turn    (no ring)
MPRegen 0.13/turn

%: no passive effects
@: no status effects
A: no striking features
a: no special abilities


You were on level 3 of the Dungeon.
You visited 1 branch of the dungeon, and saw 3 of its levels.

You collected 75 gold pieces.

Inventory:

Hand Weapons
 c - a +0 short sword
Armour
 a - a +0 robe (worn)
 f - a +0 buckler
Magical Staves
 j - a staff of conjuration (weapon)
Jewellery
 h - a ring of resist corrosion
Wands
 r - a wand of digging (5)
Scrolls
 e - a scroll of summoning {unknown}
 g - a scroll of fear {unknown}
 i - a scroll of silence {unknown}
 l - a scroll of blinking {unknown}
 o - 2 scrolls of identify {unknown}
 p - a scroll of immolation {unknown}
 q - a scroll of revelation {unknown}
Potions
 b - a potion of magic
 d - 2 potions of cancellation {unknown}
 k - a potion of curing {unknown}
 m - a potion of ambrosia {unknown}
 n - 2 potions of degeneration {unknown}


   Skills:
 - Level 2.4 Dodging
 - Level 2.4 Stealth
 + Level 4.1 Spellcasting
 + Level 1.8 Conjurations
 + Level 4.8 Air Magic


You had 8 spell levels left.
You knew the following spells:

 Your Spells              Type           Power      Damage    Failure   Level
a - Shock                 Conj/Air       100%       1d9       2%          1
b - Static Discharge      Conj/Air       58%        2-5/arc   4%          2

Your spell library contained the following spells:

 Spells                   Type           Power      Damage    Failure   Level
 Swiftness                Air            26%        N/A       4%          3
 Airstrike                Air            13%        2d(2-18)  14%         4
 Ensorcelled Hibernation  Hex/Ice        8%         N/A       17%         2
 Passwall                 Tmut/Erth      3%         N/A       17%         2


Dungeon Overview and Level Annotations

Branches:
Dungeon (3/15)

Altars:

Annotations:
D:3 Grinder


Message History

Grinder comes into view.
Found a ring mail.
You feel a surge of power!
The zap hits Grinder.
Grinder is lightly wounded.
Grinder gestures at you.
You suddenly lose the ability to move!
You can move again.
Unknown command.
Unknown command.
Casting: Shock (safe; 2% risk of failure)
Confirm with . or Enter, or press ? or * to list all spells.
You feel a surge of power!
Grinder is struck by an arc of lightning.
Grinder is lightly wounded.
You are struck by an arc of lightning.
Grinder is struck by an arc of lightning.
Grinder is lightly wounded.
You are struck by an arc of lightning.
The lightning grounds out.
Grinder barely misses you.
Casting: Static Discharge (safe; 4% risk of failure)
Confirm with . or Enter, or press ? or * to list all spells.
You feel a surge of power!
Grinder is struck by an arc of lightning.
Grinder is moderately wounded.
You are struck by an arc of lightning.
The lightning grounds out.
Grinder hits you.
You writhe in agony.
Casting: Static Discharge (safe; 4% risk of failure)
Confirm with . or Enter, or press ? or * to list all spells.
You feel a surge of power!
Grinder is struck by an arc of lightning.
Grinder is moderately wounded.
You are struck by an arc of lightning.
* * * LOW HITPOINT WARNING * * *
Grinder is struck by an arc of lightning.
Grinder is moderately wounded.
The lightning grounds out.
Grinder hits you.
* * * LOW HITPOINT WARNING * * *
You writhe in agony.
You die...
Grinder says, "Now the real fun starts!"

#.. ##.. # #... #### ..
#... .... ...#... ###
#### #.... #.#######
.##...5####.......##
[....$.@..<###.....#####
#.......................
#...<......#########....
#..........# #####
#..........#
...........#
#..<.......#
#..........#


You could see Grinder.

Vanquished Creatures
  Jessica (D:2)
  2 adders (D:2)
  3 gnolls (D:2)
  A worm (D:2)
  3 ball pythons (D:1)
  An endoplasm (D:1)
  2 giant cockroaches
  4 hobgoblins
  5 jackals (D:1)
  4 quokkas
  4 bats
  3 frilled lizards
  2 goblins
  6 kobolds
  7 rats
48 creatures vanquished.

Notes
Turn   | Place    | Note
-------+----------+-------------------------------------------
     0 | D:1      | CowFu the Deep Elf Air Elementalist began the quest for the
                  | Orb.
     0 | D:1      | Reached XP level 1. HP: 10/10 MP: 6/6
   145 | D:1      | Reached XP level 2. HP: 15/15 MP: 2/8
   347 | D:1      | Learned a level 2 spell: Static Discharge
   663 | D:1      | Reached XP level 3. HP: 19/19 MP: 5/9
  1008 | D:2      | Noticed Jessica
  1011 | D:2      | Killed Jessica
  1123 | D:2      | Reached XP level 4. HP: 24/24 MP: 6/11
  1871 | D:3      | Noticed Grinder
  1872 | D:3      | Paralysed by Grinder for 2 turns
  1880 | D:3      | Slain by Grinder

Illustrated notes

Levels and vault maps discovered:
D:1:      zaba_arrival_water, layout_loops_ring, minmay_fountain_box,
          minmay_surrounded
D:2:      layout_rooms, uniq_jessica
D:3:      layout_rooms, serial_curves, eino_curves_04, eino_curves_02,
          eino_curves_02, eino_curves_01, biasface_ghost_orc_armoury,
          minmay_joined_circles, uniq_grinder

Skill      XL: |  1  2  3  4 |
---------------+-------------+-----
Air Magic      | 4 |  4.8
Spellcasting   | 4 |  4.1
Dodging        | |  2.4
Stealth        | |  2.4
Conjurations   | |  1.8

Action                     |  1- 3 |  4- 6 || total
---------------------------+-------+-------++-------
  Melee: Short sword       |    27 |       ||    27
   Cast: Shock             |    46 |    25 ||    71
         Static Discharge  |     3 |     5 ||     8
 Armour: Robe              |    18 |     8 ||    26
  Dodge: Dodged            |    36 |     5 ||    41

Table legend: (Time is in decaauts)
 A = Elapsed time spent in this place.
 B = Non-inter-level travel time spent in this place.
 C = Inter-level travel time spent in this place.
 D = Time resting spent in this place.
 E = Time spent auto-exploring this place.
 F = Levels seen in this place.
 G = Mean time per level.
                   A        B        C        D        E       F      G
               +--------+--------+--------+--------+--------+-----+--------+
         Total |   1885 |   1828 |     57 |      0 |   1577 |   3 |  628.3 |
       Dungeon |   1885 |   1828 |     57 |      0 |   1577 |   3 |  628.3 |
               +--------+--------+--------+--------+--------+-----+--------+

Top non-repeatable levels by time:
     D:1: 1014 daAuts
     D:2: 751 daAuts
     D:3: 119 daAuts
